[Event "Titled Tuesday Blitz May 9 Late 2023"]
[White "Sanhueza, Cristian"]
[Black "Al-Saffar, Araz Basim Mohammed S"]
[WhiteFideId "116815"]
[BlackFideId "4801040"]
[WhiteElo "2174"]
[BlackElo "2304"]
[Result "1/2-1/2"]
[Round "06"]
[TimeControl "180+2"]
[Date "2023.05.09"]
[WhiteClock "0:00:50"]
[BlackClock "0:00:22"]

1. e4 d5 2. exd5 Qxd5 3. Nc3 Qd6 4. Nf3 c6 5. g3 Bg4 6. Bg2 Nf6 7. O-O Nbd7 8. d3 e6 9. Bf4 Qc5 10. h3 Bxf3 11. Qxf3 Be7 12. g4 O-O 13. g5 Nd5 14. Nxd5 exd5 15. Rfe1 Rfe8 16. c3 Nf8 17. d4 Qb6 18. b4 Ne6 19. h4 Nxf4 20. Qxf4 a5 21. a3 Bf8 22. h5 axb4 23. axb4 Rxa1 24. Rxa1 Qd8 25. Bf3 Bd6 26. Qg4 g6 27. hxg6 hxg6 28. Kg2 Kg7 29. Rh1 Rh8 30. b5 Rxh1 31. Kxh1 Be7 32. bxc6 bxc6 33. c4 Bxg5 34. cxd5 cxd5 35. Qg2 Bf4 36. Bxd5 Qh4+ 37. Kg1 Qf6 38. Qe4 Bd6 39. Kf1 Qf4 40. Qxf4 Bxf4 41. Bc6 Kf6 1/2-1/2


[Site "https://www.chess.com"]

[Event "Titled Tuesday Blitz May 9 Late 2023"]
[White "Grinev, Valeriy"]
[Black "Fathy, Elameir"]
[WhiteFideId "14117517"]
[BlackFideId "10600396"]
[WhiteElo "2366"]
[BlackElo "2311"]
[Result "1-0"]
[Round "06"]
[TimeControl "180+2"]
[Date "2023.05.09"]
[WhiteClock "0:01:16"]
[BlackClock "0:00:13"]

1. e4 c6 2. Nc3 d5 3. d4 dxe4 4. Nxe4 Nf6 5. Ng3 h5 6. h4 Bg4 7. Be2 e6 8. f3 Bd6 9. Kf2 Qc7 10. Nf1 Bf5 11. c4 c5 12. d5 exd5 13. cxd5 Nbd7 14. Nh3 O-O-O 15. Qa4 Kb8 16. Bf4 Nb6 17. Bxd6 Qxd6 18. Qb3 Qxd5 19. Qxd5 Nbxd5 20. Ng5 Bg6 21. Rc1 b6 22. a3 Rhe8 23. Ng3 Nf4 24. Rhd1 Rxd1 25. Rxd1 Kc7 26. Bb5 Re7 27. b4 cxb4 28. axb4 N6d5 29. Ra1 Kb8 30. Bc4 Nxb4 31. N3e4 f6 32. g3 Nfd3+ 33. Bxd3 Nxd3+ 34. Ke3 fxg5 35. Kxd3 g4 36. Kd4 Bxe4 37. fxe4 a5 38. Kd5 Kc7 39. Rc1+ Kb7 40. e5 a4 41. Kd6 Re8 42. e6 b5 43. Kd7 Rxe6 44. Kxe6 Kb6 45. Kd5 1-0


[Site "https://www.chess.com"]

[Event "Titled Tuesday Blitz May 9 Late 2023"]
[White "Bambino Filho, Antonio Carlos"]
[Black "Dragomirescu, Calin"]
[WhiteFideId "2113163"]
[BlackFideId "1200895"]
[WhiteElo "2494"]
[BlackElo "2010"]
[Result "1-0"]
[Round "06"]
[TimeControl "180+2"]
[Date "2023.05.09"]
[WhiteClock "0:00:21"]
[BlackClock "0:00:21"]

1. d4 Nf6 2. c4 g6 3. Nc3 Bg7 4. e4 O-O 5. Be2 d6 6. Bg5 c5 7. d5 h6 8. Be3 e6 9. Qd2 exd5 10. exd5 Kh7 11. h3 Nbd7 12. Nf3 Re8 13. O-O Ne5 14. Nxe5 Rxe5 15. Bf4 Re8 16. Bd3 Nh5 17. Bh2 f5 18. Rae1 Rxe1 19. Rxe1 Qf6 20. Nb5 f4 21. Nc7 Rb8 22. Ne8 Qxb2 23. Qxb2 Bxb2 24. Re7+ Kg8 25. Bxg6 Nf6 26. Bxf4 b5 27. Bxd6 Rb6 28. Bxc5 Ra6 29. Bf7+ Kh8 30. d6 bxc4 31. Bxc4 Rc6 32. Ba3 Bd4 33. Bb3 Nxe8 34. Rxe8+ Kg7 35. d7 Bxd7 36. Re7+ Kf6 37. Rxd7 Be5 38. Rf7+ Kg6 39. Re7 Bf6 40. Re6 1-0


[Site "https://www.chess.com"]

[Event "Titled Tuesday Blitz May 9 Late 2023"]
[White "Wizard_of_Odds"]
[Black "Moral Garcia, Serafin"]
[BlackFideId "2201925"]
[WhiteElo "2336"]
[BlackElo "2274"]
[Result "1/2-1/2"]
[Round "06"]
[TimeControl "180+2"]
[Date "2023.05.09"]
[WhiteClock "0:00:00"]
[BlackClock "0:00:27"]

1. d4 Nf6 2. c4 g6 3. Nc3 d5 4. cxd5 Nxd5 5. Bd2 Nb6 6. h3 Qxd4 7. Nf3 Qd8 8. e4 Bg7 9. a4 a5 10. Bb5+ c6 11. Be2 O-O 12. O-O N8d7 13. Be3 Qc7 14. Qb3 Rb8 15. Rfd1 Na8 16. Rac1 Ne5 17. Nd5 Qd6 18. Bc5 Nxf3+ 19. Bxf3 Qe6 20. Nxe7+ Kh8 21. Qd3 Bxb2 22. Bg4 Qf6 23. Nxc8 Rbxc8 24. Bxc8 Rxc8 25. Rc2 Kg8 26. Qd7 Rb8 27. Qd6 Re8 28. Qd7 Rb8 29. Be7 Qe5 30. f4 Qxe4 31. Rxb2 Nb6 32. Qd4 Qxe7 33. Rxb6 c5 34. Qd6 Qe3+ 35. Kh1 Re8 36. Rxb7 c4 37. Qd7 Rf8 38. Rc7 c3 39. Qd3 Qxf4 40. Rxc3 Qxa4 41. Ra3 Qb4 42. Qc3 Qf4 43. Rxa5 h5 44. Qf3 Qb4 45. Ra7 Qc5 46. Rad7 Qb5 47. Rf1 Qc4 48. Qf6 Qb3 49. h4 Qc4 50. Kh2 Qb3 51. g3 Qa2+ 52. Kh3 Qb3 53. Re7 Qa2 54. Qf4 Qb3 55. Rc7 Qa2 56. Rc6 Kg7 57. Qf6+ Kh7 58. Qf2 Qd5 59. Rf6 Kg7 60. Qf3 Qd7+ 61. Kh2 Qd2+ 62. Rf2 Qd7 63. Qf4 Qd5 64. Qf3 Qc4 65. Rf4 Qe6 66. Qc3+ Kg8 67. Rf6 Qd5 68. Qe3 Kg7 69. Qg5 Qc4 70. Qxg6+ fxg6 71. Rxf8 Qd5 72. R8f4 Qb3 73. Kh3 Qe6+ 74. g4 hxg4+ 75. Rxg4 Qe3+ 76. Kg2 Qe6 77. Rg3 Kh6 78. Kh2 Qe5 79. Rg2 Qe4 80. Kh3 Qe6+ 81. Kh2 Qe4 82. Rxg6+ Qxg6 83. Rxg6+ Kxg6 84. Kg3 Kh6 1/2-1/2


[Site "https://www.chess.com"]

[Event "Titled Tuesday Blitz May 9 Late 2023"]
[White "Moore, Nicholas"]
[Black "Chirivi C, Jenny Astrid"]
[WhiteFideId "4303709"]
[BlackFideId "4403061"]
[WhiteElo "2489"]
[BlackElo "2019"]
[Result "1-0"]
[Round "06"]
[TimeControl "180+2"]
[Date "2023.05.09"]
[WhiteClock "0:01:31"]
[BlackClock "0:01:32"]

1. d4 Nf6 2. c4 e6 3. Nf3 Bb4+ 4. Bd2 Qe7 5. g3 Nc6 6. Nc3 O-O 7. Bg2 d6 8. O-O Na5 9. b3 d5 10. a3 Bxc3 11. Bxc3 Nc6 12. Ne5 Nxe5 13. Bb4 c5 14. Bxc5 Qc7 15. Bxf8 Kxf8 16. dxe5 Qxe5 17. Qd2 Bd7 18. Qb4+ Kg8 19. Qxb7 Rb8 20. Qxa7 Rxb3 21. cxd5 exd5 22. Rab1 Rxb1 23. Rxb1 g6 24. Qb8+ Qxb8 25. Rxb8+ Kg7 26. e3 Bc6 27. Rb6 Ba4 28. Ra6 Bb5 29. Ra5 Bc6 30. a4 h5 31. Ra6 Bd7 32. a5 Bb5 33. Rb6 1-0


[Site "https://www.chess.com"]

[Event "Titled Tuesday Blitz May 9 Late 2023"]
[White "Sarkar, Justin"]
[Black "Yeritsyan, Hayk"]
[WhiteFideId "2010011"]
[BlackFideId "13307320"]
[WhiteElo "2168"]
[BlackElo "2482"]
[Result "1-0"]
[Round "06"]
[TimeControl "180+2"]
[Date "2023.05.09"]
[WhiteClock "0:00:10"]
[BlackClock "0:00:33"]

1. e4 c6 2. d4 d5 3. e5 c5 4. dxc5 e6 5. Qg4 Nd7 6. Nf3 Qc7 7. Bb5 Qxc5 8. Nc3 a6 9. Bd3 Qc7 10. Bf4 Ne7 11. O-O Ng6 12. Bxg6 hxg6 13. Rfe1 Be7 14. Nxd5 exd5 15. e6 Nf6 16. exf7+ Kf8 17. Qg5 Qxc2 18. Qe5 Ne4 19. Qxd5 Qxf2+ 20. Kh1 Bf5 21. Rxe4 Bxe4 22. Qxe4 Qxb2 23. Re1 Qf6 24. Ne5 Qf5 25. Nxg6+ Qxg6 26. Qxg6 Rh6 27. Bxh6 gxh6 28. Qg8# 1-0


[Site "https://www.chess.com"]

[Event "Titled Tuesday Blitz May 9 Late 2023"]
[White "Ingunza Curro, Andres"]
[Black "Remolar Gallen, Jose"]
[WhiteFideId "24526371"]
[BlackFideId "2215187"]
[WhiteElo "2247"]
[BlackElo "2223"]
[Result "0-1"]
[Round "06"]
[TimeControl "180+2"]
[Date "2023.05.09"]
[WhiteClock "0:00:17"]
[BlackClock "0:00:41"]

1. d4 Nf6 2. c4 g6 3. Nc3 d5 4. cxd5 Nxd5 5. Bd2 Bg7 6. e4 Nxc3 7. Bxc3 O-O 8. Qd2 b6 9. Nf3 Bb7 10. d5 e6 11. Bxg7 Kxg7 12. Qd4+ Qf6 13. e5 Qd8 14. d6 Nc6 15. Qc3 cxd6 16. exd6+ Qf6 17. Qxf6+ Kxf6 18. Bb5 Rfd8 19. O-O-O Nb4 20. a3 Rac8+ 21. Kb1 a6 22. d7 Rc7 23. axb4 axb5 24. Nd4 Be4+ 25. Ka2 Ra8+ 26. Kb3 Bd5# 0-1


[Site "https://www.chess.com"]

[Event "Titled Tuesday Blitz May 9 Late 2023"]
[White "Szente Varga, Fruzsina"]
[Black "Herman, Daniel"]
[WhiteFideId "712264"]
[BlackFideId "30935008"]
[WhiteElo "1994"]
[BlackElo "1897"]
[Result "0-1"]
[Round "06"]
[TimeControl "180+2"]
[Date "2023.05.09"]
[WhiteClock "0:00:01"]
[BlackClock "0:00:14"]

1. e4 e6 2. d4 d5 3. Nd2 c5 4. exd5 exd5 5. Bb5+ Bd7 6. Bxd7+ Nxd7 7. Qe2+ Be7 8. Ngf3 Ngf6 9. O-O O-O 10. dxc5 Nxc5 11. Nb3 Nce4 12. Bf4 Rc8 13. c3 Qb6 14. Be3 Qc7 15. Rfd1 Rfe8 16. Qb5 a6 17. Qd3 Bd6 18. h3 h6 19. Nh4 Bh2+ 20. Kh1 Bf4 21. Bd4 Be5 22. Nf5 Bxd4 23. Qxd4 Qf4 24. f3 Qxf5 25. fxe4 Rxe4 26. Qd2 Rce8 27. Rf1 Qg6 28. Nd4 Nh5 29. Rf3 Ng3+ 30. Kh2 Ne2 31. Nf5 R8e5 32. Raf1 Kh7 33. Ng3 Nxg3 34. Rxg3 Qe6 35. Qf2 f6 36. Qa7 Qe7 37. Qb6 Rg5 38. Rxg5 hxg5 39. Rf3 Qe5+ 40. g3 Re2+ 41. Rf2 Rxf2+ 42. Qxf2 Qe4 43. Qd2 b5 44. b4 Kg6 45. a3 Kf5 46. Kg1 g4 47. hxg4+ Kxg4 48. Kh2 g5 49. Qd1+ Kf5 50. Qf1+ Kg6 51. Qd1 f5 52. Qg1 Qe6 53. Qd4 Qd6 54. Kg2 f4 55. gxf4 gxf4 56. Kf3 Kf7 57. Qd3 Ke6 58. Qg6+ Kd7 59. Qf7+ Kc6 60. Qe8+ Kb6 61. Qf7 d4 62. cxd4 Qxd4 63. Qe6+ Kb7 64. Qe7+ Kc6 65. Qe6+ Qd6 66. Qc8+ Kb6 67. Qc3 Qc6+ 68. Qxc6+ Kxc6 69. Kxf4 Kd5 70. Ke3 Kc4 71. Kd2 Kb3 72. Kd3 Kxa3 73. Kc3 Ka4 0-1


[Site "https://www.chess.com"]

[Event "Titled Tuesday Blitz May 9 Late 2023"]
[White "Georg, Heinz"]
[Black "Hirneise, Jens"]
[WhiteFideId "4607295"]
[BlackFideId "24614734"]
[WhiteElo "2306"]
[BlackElo "2345"]
[Result "0-1"]
[Round "06"]
[TimeControl "180+2"]
[Date "2023.05.09"]
[WhiteClock "0:00:55"]
[BlackClock "0:00:50"]

1. c4 c5 2. Nc3 e5 3. g3 Nc6 4. Bg2 f5 5. Rb1 Nf6 6. a3 Bd6 7. e3 O-O 8. Nge2 e4 9. d4 exd3 10. Qxd3 Qe7 11. Nd5 Nxd5 12. Qxd5+ Kh8 13. O-O b6 14. Rd1 Be5 15. Qd2 Rb8 16. Nc3 d6 17. Nd5 Qf7 18. b4 Bb7 19. f4 Bf6 20. Nxf6 Qxf6 21. Bb2 Qe7 22. Qxd6 Qxe3+ 23. Kh1 Nd4 24. Bxd4 Bxg2+ 25. Kxg2 cxd4 26. Qxd4 Qxa3 27. Rd3 Qa2+ 28. Qb2 Qxc4 29. Rd7 Qc6+ 0-1


[Site "https://www.chess.com"]

[Event "Titled Tuesday Blitz May 9 Late 2023"]
[White "Perez Rodriguez, Jennifer"]
[Black "Vaglio Munoz, Jaime"]
[WhiteFideId "3507831"]
[BlackFideId "6500145"]
[WhiteElo "2116"]
[BlackElo "2199"]
[Result "1-0"]
[Round "06"]
[TimeControl "180+2"]
[Date "2023.05.09"]
[WhiteClock "0:00:23"]
[BlackClock "0:00:36"]

1. e4 e6 2. d4 d5 3. Bd3 dxe4 4. Bxe4 Nf6 5. Bf3 c5 6. Ne2 cxd4 7. Qxd4 Qxd4 8. Nxd4 a6 9. Nc3 Bb4 10. Bd2 e5 11. Nb3 Nc6 12. a3 Bd6 13. Bxc6+ bxc6 14. O-O-O Bc7 15. Rhf1 O-O 16. Na4 Ne4 17. Be3 f5 18. f3 Nf6 19. Rfe1 Nd5 20. Bc5 Re8 21. c4 Nf6 22. Bd6 Ra7 23. Bxc7 Rxc7 24. Nac5 e4 25. fxe4 fxe4 26. h3 h5 27. Rd6 Kf7 28. Na5 Be6 29. b3 Bf5 30. Rxc6 Rxc6 31. Nxc6 h4 32. Nd4 Bc8 33. Kd2 Rd8 34. Ke3 Re8 35. Rf1 Kg6 36. Rf4 a5 37. a4 Rd8 38. Nxe4 Bb7 39. Nxf6 gxf6 40. Rxh4 f5 41. Rf4 Bxg2 42. Nxf5 Bxh3 43. Nd4 Rb8 44. Re4 Kf6 45. Rh4 Bd7 46. Rh5 Be8 47. Rxa5 Ke7 48. Re5+ Kd6 49. Rd5+ Kc7 50. Kd3 Bg6+ 51. Kc3 Rh8 52. Kb4 Rb8+ 53. Nb5+ Kc8 54. Rg5 Be8 55. Rg8 Kd7 56. a5 Ra8 57. Rg7+ Kd8 58. Nd6 Ra6 59. Nxe8 Kxe8 60. Rb7 Kd8 61. Kb5 Ra8 62. a6 Kc8 63. b4 Kd8 64. c5 1-0


[Site "https://www.chess.com"]

[Event "Titled Tuesday Blitz May 9 Late 2023"]
[White "Cooklev, Steven"]
[Black "Liu, Casper"]
[WhiteFideId "2050552"]
[BlackFideId "1454153"]
[WhiteElo "2285"]
[BlackElo "2221"]
[Result "0-1"]
[Round "06"]
[TimeControl "180+2"]
[Date "2023.05.09"]
[WhiteClock "0:00:47"]
[BlackClock "0:00:52"]

1. e4 Nc6 2. Nf3 d6 3. d4 Bg4 4. c3 g6 5. Bc4 e6 6. Nbd2 Bg7 7. h3 Bxf3 8. Nxf3 Nf6 9. Qe2 O-O 10. Bb3 e5 11. dxe5 Nxe5 12. Nxe5 dxe5 13. O-O Nd7 14. Be3 Qe7 15. Rfd1 Nc5 16. Bc2 c6 17. b4 Ne6 18. g3 a5 19. a3 Rfd8 20. h4 h6 21. Bb3 Kh7 22. Rxd8 Rxd8 23. Rd1 axb4 24. axb4 Ra8 25. Kg2 Ra3 26. Qb2 Ra8 27. Rd3 f5 28. exf5 gxf5 29. Qd2 f4 30. Bb6 e4 31. Rd7 f3+ 32. Kh2 Qf6 33. Bxe6 Qxe6 34. Rxb7 Ra2 35. Qd7 Qxd7 36. Rxd7 Kg8 37. Bd4 Bxd4 38. Rxd4 e3 39. Re4 exf2 0-1


[Site "https://www.chess.com"]

[Event "Titled Tuesday Blitz May 9 Late 2023"]
[White "Roman, Rodrigo"]
[Black "DubiousM0ves532"]
[WhiteFideId "3701220"]
[WhiteElo "1995"]
[BlackElo "2455"]
[Result "1-0"]
[Round "06"]
[TimeControl "180+2"]
[Date "2023.05.09"]
[WhiteClock "0:00:39"]
[BlackClock "0:00:07"]

1. Nf3 Nf6 2. b3 d6 3. d4 Bf5 4. e3 h6 5. c4 Nbd7 6. Nc3 e5 7. dxe5 Nxe5 8. Nd4 Bh7 9. Bb2 Be7 10. Be2 O-O 11. O-O a6 12. Nd5 Nxd5 13. cxd5 Bf6 14. Rc1 Rc8 15. f3 Re8 16. e4 c5 17. dxc6 Nxc6 18. Nxc6 Rxc6 19. Bxf6 Rxc1 20. Bxd8 Rxd1 21. Rxd1 Rxd8 22. Bc4 Kf8 23. a4 Ke7 24. a5 f5 25. Bd5 Rd7 26. Rc1 fxe4 27. fxe4 Kf6 28. Kf2 Ke5 29. Ke3 Bf5 30. Rc8 Re7 31. Rf8 Be6 32. Bxe6 Kxe6 33. Kd4 Rc7 34. Rb8 Ke7 35. b4 Ke6 36. g3 Kd7 37. Kd5 Ke7 38. h4 h5 39. Rg8 Kf7 40. Rh8 Rc3 41. Rxh5 Rxg3 42. Kxd6 Rb3 43. Kc5 Re3 44. Rd5 Rxe4 45. Rd7+ Kf6 46. Rxb7 Rxh4 47. Rb6+ Kf5 48. Rxa6 g5 49. Ra8 g4 50. Rf8+ Ke4 51. a6 Rh5+ 52. Kb6 Rg5 53. Rf1 g3 54. Rg1 Rg6+ 55. Ka5 Kd5 56. b5 Rg7 57. b6 Kc6 58. Rc1+ Kd7 59. a7 Rg8 60. Ka6 g2 61. Kb7 Kd6 62. a8=Q 1-0


[Site "https://www.chess.com"]

[Event "Titled Tuesday Blitz May 9 Late 2023"]
[White "Abdi, Farzad"]
[Black "Lacey, Patrick"]
[WhiteFideId "2076829"]
[BlackFideId "2032007"]
[WhiteElo "2260"]
[BlackElo "2452"]
[Result "1/2-1/2"]
[Round "06"]
[TimeControl "180+2"]
[Date "2023.05.09"]
[WhiteClock "0:00:12"]
[BlackClock "0:00:08"]

1. d4 d5 2. c4 Nc6 3. Nf3 Bg4 4. cxd5 Bxf3 5. gxf3 Qxd5 6. e3 e6 7. Nc3 Bb4 8. Rg1 Nge7 9. Bd2 Qh5 10. a3 Bd6 11. h3 O-O 12. Ne4 Kh8 13. f4 Qxd1+ 14. Rxd1 Rad8 15. Nxd6 cxd6 16. Rc1 d5 17. Bd3 g6 18. Ke2 Nf5 19. b4 Rc8 20. Rc5 b6 21. Rc2 Ncxd4+ 22. exd4 Nxd4+ 23. Kd1 Nxc2 24. Bxc2 Rc4 25. Bd3 Rc7 26. Be3 Kg8 27. Bd4 Rfc8 28. Kd2 Kf8 29. h4 h5 30. Bf6 Ke8 31. Re1 Kf8 32. Rb1 Rc6 33. Re1 a5 34. b5 Rc5 35. Be5 Kg8 36. Bd4 a4 37. Bxc5 Rxc5 38. Rc1 Kf8 39. Rxc5 bxc5 40. Bc2 Ke7 41. Bxa4 Kd6 42. Bc2 c4 43. a4 Kc5 44. Ke3 d4+ 45. Ke4 f6 46. f3 f5+ 47. Ke5 d3 48. Bb1 Kb4 49. Kd4 g5 50. fxg5 e5+ 51. Kxe5 Kc3 52. b6 d2 53. b7 d1=Q 54. b8=Q Qxf3 55. Qd6 Qg3+ 56. Ke6 Qxh4 57. Qe5+ Kb3 58. Qxf5 Qe1+ 59. Qe5 Qxb1 60. Qb8+ Ka2 61. Qxb1+ Kxb1 62. g6 c3 63. g7 c2 64. g8=Q c1=Q 65. Qb8+ Ka2 66. Qb5 Qe3+ 67. Kd6 Qf4+ 68. Kc6 h4 69. a5 h3 70. a6 Qf3+ 71. Kb6 Qf2+ 72. Kc7 h2 73. Qd5+ Kb2 74. Kb7 Qg1 75. a7 h1=Q 76. Qxh1 Qxh1+ 77. Kb8 Qh8+ 78. Kb7 Qg7+ 79. Kb8 Qf8+ 80. Kb7 Qb4+ 81. Ka8 Qa5 82. Kb8 Qb6+ 83. Ka8 Qc6+ 84. Kb8 Kb3 85. a8=Q Qe8+ 86. Kb7 Qxa8+ 87. Kxa8 1/2-1/2


[Site "https://www.chess.com"]

[Event "Titled Tuesday Blitz May 9 Late 2023"]
[White "Koutsin"]
[Black "6PackPlayer"]
[WhiteElo "2438"]
[BlackElo "2256"]
[Result "0-1"]
[Round "06"]
[TimeControl "180+2"]
[Date "2023.05.09"]
[WhiteClock "0:00:00"]
[BlackClock "0:00:41"]

1. d4 c5 2. d5 e6 3. c4 exd5 4. cxd5 d6 5. Nc3 a6 6. a4 g6 7. e4 Bg7 8. Nf3 Bg4 9. Be2 Bxf3 10. Bxf3 Ne7 11. O-O Nd7 12. a5 O-O 13. h3 h6 14. Re1 g5 15. Bg4 Ng6 16. g3 Qe7 17. Kg2 Rae8 18. Bf5 Nde5 19. Na4 Qd8 20. Nb6 Ne7 21. f4 gxf4 22. Bxf4 N7g6 23. Qd2 Nxf4+ 24. gxf4 Ng6 25. Qf2 Qh4 26. Qg3 Nxf4+ 27. Kf3 Qxg3+ 28. Kxg3 Nd3 29. Re2 Bxb2 30. Rb1 Be5+ 31. Kg4 Kh8 32. Kh5 Nf4+ 33. Kxh6 Nxe2 0-1


[Site "https://www.chess.com"]

[Event "Titled Tuesday Blitz May 9 Late 2023"]
[White "Sliwicki, Damian"]
[Black "Papayan, Oleg"]
[WhiteFideId "1127128"]
[BlackFideId "4193911"]
[WhiteElo "2030"]
[BlackElo "2171"]
[Result "0-1"]
[Round "06"]
[TimeControl "180+2"]
[Date "2023.05.09"]
[WhiteClock "0:00:00"]
[BlackClock "0:00:42"]

1. d4 c5 2. d5 g6 3. Nc3 Bg7 4. e4 d6 5. h4 h5 6. Bb5+ Bd7 7. Qe2 a6 8. Bxd7+ Nxd7 9. Bd2 b5 10. f4 b4 11. Nd1 Ngf6 12. Nf3 Ng4 13. c3 a5 14. O-O Ndf6 15. c4 Nd7 16. e5 dxe5 17. fxe5 Ndxe5 18. Nxe5 Bxe5 19. Nf2 Bd4 20. Kh1 e5 21. Bg5 Qd7 22. Ne4 f5 23. Qxg4 hxg4 24. Nf6+ Kd8 25. Nxd7+ Kxd7 26. Rae1 Rh5 27. g3 Bxb2 28. Bf6 Re8 29. Re2 Bd4 30. Rfe1 Rh7 31. Kg2 Rf7 32. Bg5 a4 33. Rb1 f4 34. gxf4 exf4 35. Rxe8 Kxe8 36. Re1+ Kd7 37. Re6 f3+ 38. Kf1 g3 39. Be3 f2 0-1


[Site "https://www.chess.com"]

[Event "Titled Tuesday Blitz May 9 Late 2023"]
[White "rikchessmx"]
[Black "sebastianmarinp"]
[WhiteElo "2199"]
[BlackElo "2433"]
[Result "1-0"]
[Round "06"]
[TimeControl "180+2"]
[Date "2023.05.09"]
[WhiteClock "0:02:33"]
[BlackClock "0:00:33"]

1. e4 e5 2. Nf3 Nc6 3. Bb5 a6 4. Ba4 Nf6 5. O-O b5 6. Bb3 Bb7 7. d3 Be7 8. a4 O-O 9. Nc3 Na5 10. Ba2 b4 11. Ne2 d5 12. exd5 Nxd5 13. Nxe5 Bd6 14. Nf3 c5 15. Ng3 Nf4 16. Ne4 Re8 17. Nfg5 b3 18. cxb3 h6 19. Nxf7 Kxf7 20. b4+ Bd5 21. Nxd6+ Qxd6 22. Bxf4 1-0


[Site "https://www.chess.com"]

[Event "Titled Tuesday Blitz May 9 Late 2023"]
[White "Golubev, Mikhail"]
[Black "Benaddi, Mouhcine"]
[WhiteFideId "14100983"]
[BlackFideId "9001050"]
[WhiteElo "2374"]
[BlackElo "2036"]
[Result "1-0"]
[Round "06"]
[TimeControl "180+2"]
[Date "2023.05.09"]
[WhiteClock "0:00:42"]
[BlackClock "0:00:59"]

1. e4 c6 2. Nc3 d5 3. Nf3 dxe4 4. Nxe4 Bg4 5. h3 Bxf3 6. Qxf3 Nd7 7. d4 Ndf6 8. Bd3 Qxd4 9. O-O Nxe4 10. Bxe4 Qf6 11. Bf4 g5 12. Qb3 O-O-O 13. Bg3 e5 14. Rad1 Be7 15. Qc3 Rxd1 16. Rxd1 Bd6 17. Qd2 Kc7 18. Qa5+ Kc8 19. Rxd6 Qxd6 20. Bf5+ 1-0


[Site "https://www.chess.com"]

[Event "Titled Tuesday Blitz May 9 Late 2023"]
[White "Joubert, Dantelle"]
[Black "D`Arruda, Ricardo D."]
[WhiteFideId "14310813"]
[BlackFideId "100692"]
[WhiteElo "1507"]
[BlackElo "2425"]
[Result "1-0"]
[Round "06"]
[TimeControl "180+2"]
[Date "2023.05.09"]
[WhiteClock "0:01:31"]
[BlackClock "0:01:19"]

1. d4 Nf6 2. c4 e5 3. dxe5 Ne4 4. Nf3 Nc6 5. Nbd2 Nc5 6. e3 d6 7. exd6 Bxd6 8. Be2 Qf6 9. O-O Bf5 10. Nb3 O-O-O 11. Nxc5 Bxc5 12. Qa4 Be4 13. Qb5 b6 14. a4 Kb7 15. a5 a6 16. Qb3 Nxa5 17. Rxa5 Rd7 18. Rxc5 1-0


[Site "https://www.chess.com"]

[Event "Titled Tuesday Blitz May 9 Late 2023"]
[White "Rodriguez Santiago, Jaime"]
[Black "Butti, Enrique"]
[WhiteFideId "3100898"]
[BlackFideId "3700470"]
[WhiteElo "2025"]
[BlackElo "2080"]
[Result "1-0"]
[Round "06"]
[TimeControl "180+2"]
[Date "2023.05.09"]
[WhiteClock "0:01:26"]
[BlackClock "0:01:32"]

1. c4 e5 2. Nc3 Nc6 3. g3 g6 4. Bg2 Bg7 5. e4 d6 6. Nge2 f5 7. d3 Nf6 8. O-O O-O 9. exf5 Bxf5 10. d4 Qd7 11. dxe5 Nxe5 12. b3 c6 13. Bf4 Rae8 14. Qd2 Nd3 15. Bh6 Bxh6 16. Qxh6 Ng4 17. Qd2 Nge5 18. f4 Ng4 19. Nd4 Ne3 20. Nxf5 Qxf5 21. Rf3 Nxg2 22. Rxd3 g5 23. Kxg2 gxf4 24. Rf1 1-0


[Site "https://www.chess.com"]

[Event "Titled Tuesday Blitz May 9 Late 2023"]
[White "Brueckner, Thomas"]
[Black "TheKnightOfBosnia"]
[WhiteFideId "4600452"]
[WhiteElo "2322"]
[BlackElo "2471"]
[Result "1-0"]
[Round "06"]
[TimeControl "180+2"]
[Date "2023.05.09"]
[WhiteClock "0:00:04"]
[BlackClock "0:00:21"]

1. Nf3 Nf6 2. g3 b6 3. Bg2 Bb7 4. O-O e6 5. c4 g6 6. b3 Bg7 7. Bb2 O-O 8. d3 d5 9. Nbd2 Nbd7 10. a3 a5 11. Rc1 Rc8 12. Rc2 c5 13. cxd5 exd5 14. d4 Qe7 15. Re1 Ne4 16. e3 Rfe8 17. Qa1 Ba6 18. Nxe4 dxe4 19. Nd2 Bd3 20. Rcc1 cxd4 21. Bxd4 Bxd4 22. Qxd4 Nc5 23. b4 axb4 24. axb4 Ne6 25. Qxb6 Rb8 26. Qc6 Qxb4 27. Nxe4 Rec8 28. Qd6 Rxc1 29. Rxc1 Bxe4 30. Rc8+ Rxc8 31. Qxb4 Rc1+ 32. Bf1 Bd3 33. Qb8+ Nf8 34. Kg2 Bxf1+ 35. Kf3 Bc4 36. h4 h5 37. Qb2 Re1 38. Qc3 Bd5+ 39. Kf4 Rd1 40. e4 Be6 41. Kg5 Rf1 42. Kh6 f6 43. Qxf6 Rxf2 44. Qg7# 1-0


[Site "https://www.chess.com"]

[Event "Titled Tuesday Blitz May 9 Late 2023"]
[White "KVAIDAN"]
[Black "Martic, Ivan"]
[BlackFideId "929301"]
[WhiteElo "2291"]
[BlackElo "2360"]
[Result "0-1"]
[Round "06"]
[TimeControl "180+2"]
[Date "2023.05.09"]
[WhiteClock "0:02:16"]
[BlackClock "0:02:07"]

1. f4 c5 2. Nf3 g6 3. e4 Bg7 4. Be2 d5 5. e5 Bg4 6. O-O Bxf3 7. Bxf3 e6 8. d4 cxd4 9. Qxd4 Nc6 10. Qa4 Ne7 11. Nc3 a6 12. Be3 Nf5 13. Bc5 Bf8 14. Qa3 Bxc5+ 15. Qxc5 Qe7 16. Qxe7+ Kxe7 17. Rae1 h5 18. Bd1 b5 19. Ne2 Rhc8 20. c3 a5 21. h3 h4 22. Rf3 d4 23. Bc2 dxc3 24. Nxc3 Ncd4 25. Rf2 Nxc2 26. Rxc2 b4 27. Rec1 bxc3 28. bxc3 Rc4 0-1


[Site "https://www.chess.com"]

[Event "Titled Tuesday Blitz May 9 Late 2023"]
[White "Kovalevsky, Stanislav"]
[Black "Nastase, Robert-Paul"]
[WhiteFideId "13508598"]
[BlackFideId "1221175"]
[WhiteElo "2174"]
[BlackElo "2175"]
[Result "0-1"]
[Round "06"]
[TimeControl "180+2"]
[Date "2023.05.09"]
[WhiteClock "0:00:06"]
[BlackClock "0:00:04"]

1. c4 e6 2. e4 c5 3. Nc3 Nc6 4. g3 g6 5. Bg2 Bg7 6. h4 Nf6 7. d3 O-O 8. Bg5 h6 9. Be3 d6 10. g4 e5 11. g5 Ng4 12. Bd2 f5 13. f3 fxe4 14. Nxe4 h5 15. Qa4 d5 16. cxd5 Qxd5 17. O-O-O Qxd3 18. fxg4 Bxg4 19. Re1 Nd4 20. Re3 Rf1+ 21. Bxf1 Qxf1+ 22. Re1 Qg2 23. Qc4+ Kh8 24. Nh3 Bxh3 25. Rhf1 Bf5 26. Rxf5 gxf5 27. Nf6 Bxf6 28. gxf6 Rf8 29. Bg5 Nf3 30. Qxc5 Rf7 31. Rd1 Nxg5 32. hxg5 Qxg5+ 33. Kb1 Qxf6 34. Qc8+ Kg7 35. Rd7 f4 36. Qxb7 Qf5+ 37. Kc1 Rxd7 38. Qg2+ Qg4 39. Qc6 Qd1# 0-1


[Site "https://www.chess.com"]

[Event "Titled Tuesday Blitz May 9 Late 2023"]
[White "Marcziter, Dmitrii"]
[Black "lluiss"]
[WhiteFideId "13900765"]
[WhiteElo "2162"]
[BlackElo "2289"]
[Result "1-0"]
[Round "06"]
[TimeControl "180+2"]
[Date "2023.05.09"]
[WhiteClock "0:00:13"]
[BlackClock "0:00:00"]

1. e4 c5 2. Nc3 d6 3. f4 g6 4. Nf3 Bg7 5. Bc4 Nc6 6. d3 e6 7. O-O Nge7 8. Kh1 h6 9. f5 exf5 10. Nh4 Ne5 11. Bb3 O-O 12. Qe1 fxe4 13. Nxe4 Nf5 14. Nxf5 Bxf5 15. Bd5 Rb8 16. Qg3 b5 17. Bf4 Kh8 18. Rae1 Qd7 19. c3 Rbe8 20. d4 Nc4 21. Nxd6 Rxe1 22. Rxe1 Nxb2 23. Qh4 Kg8 24. Re7 g5 25. Qe1 Qd8 26. Bxf7+ Kh8 27. Be5 Nd3 28. Bxg7+ Kxg7 29. Nxf5+ Kh8 30. Qe4 1-0


[Site "https://www.chess.com"]

[Event "Titled Tuesday Blitz May 9 Late 2023"]
[White "Figorito, Nick"]
[Black "Boder, Jan"]
[WhiteFideId "30923689"]
[BlackFideId "16243226"]
[WhiteElo "2358"]
[BlackElo "2241"]
[Result "1-0"]
[Round "06"]
[TimeControl "180+2"]
[Date "2023.05.09"]
[WhiteClock "0:00:27"]
[BlackClock "0:00:00"]

1. Nf3 c5 2. g3 g6 3. Bg2 Bg7 4. O-O Nc6 5. c4 e5 6. Nc3 d6 7. d3 Nge7 8. a3 O-O 9. Rb1 a5 10. Ne1 Be6 11. e4 Nd4 12. Nc2 Nb3 13. Ne3 Nd4 14. Nc2 Nec6 15. Nxd4 Nxd4 16. b4 axb4 17. axb4 b6 18. Be3 Ra3 19. Bxd4 cxd4 20. Nb5 Ra8 21. Ra1 Qe7 22. Qb3 Rfc8 23. Ra3 Rxa3 24. Qxa3 Bd7 25. Qa7 Bf8 26. Qxb6 Bxb5 27. Qxb5 Qc7 28. Ra1 Rb8 29. Qa4 d5 30. c5 Qb7 31. exd5 Qxb4 32. Qxb4 Rxb4 33. Rc1 Rb3 34. c6 Bd6 35. Bf1 Rc3 36. Rb1 Kf8 37. Rb7 1-0


[Site "https://www.chess.com"]